 Dungeon Crawl Stone Soup version 0.31-a0-219-g8d62b2e7bb (webtiles) character file.

Game seed: 11661582959059698048

29 qw the Shooter (level 3, 0/29 HPs)
             Began as a Minotaur Hexslinger on July 3, 2023.
             Slain by a kobold
             ... wielding a +0 dagger
              (2 damage)
             ... on level 1 of the Dungeon.
             The game lasted 00:00:15 (464 turns).

qw the Shooter (Minotaur Hexslinger)                 Turns: 464, Time: 00:00:15

Health: 0/29       AC:  2    Str: 12    XL:     3   Next: 1%
Magic:  3/3        EV: 12    Int: 10    God:
Gold:   43         SH:  0    Dex: 14    Spells: 3/4 levels left

rFire   . . .        a - +1 sling
rCold   . . .        (no shield)
rNeg    . . .        c - +0 robe
rPois   .            (helmet restricted)
rElec   .            (no cloak)
rCorr   .            (no gloves)
SInv    .            (no boots)
Will    .....        (no amulet)
Stlth   +            (no ring)
HPRegen 0.24/turn    (no ring)
MPRegen 0.08/turn

%: no passive effects
@: no status effects
A: horns 2, retaliatory headbutt
a: no special abilities


You were on level 1 of the Dungeon.
You visited 1 branch of the dungeon, and saw 1 of its levels.

You collected 43 gold pieces.


Innate Abilities, Weirdness & Mutations

You have a pair of horns on your head.
You reflexively headbutt those who attack you in melee.


   Skills:
 - Level 2.0 Fighting
 + Level 3.5 Ranged Weapons
 - Level 2.1 Dodging
 - Level 1.0 Spellcasting
 - Level 2.0 Hexes


You had 3 spell levels left.
You knew the following spells:

 Your Spells              Type           Power      Damage    Failure   Level
a - Slow                  Hex            16%        N/A       16%         1

Your spell library contained the following spells:

 Spells                   Type           Power      Damage    Failure   Level
 Inner Flame              Hex/Fire       2%         N/A       56%         3
 Portal Projectile        Hex/Tloc       4%         N/A       56%         3
 Cause Fear               Hex            2%         N/A       83%         4

Inventory:

Hand Weapons
 a - a +1 sling (weapon)
Armour
 c - a +0 robe (worn)
Scrolls
 b - a scroll of poison
 d - a scroll of revelation {unknown}
 f - a scroll of teleportation {unknown}
 g - a scroll of identify {unknown}
Potions
 e - a potion of mutation {unknown}
 h - a potion of haste {unknown}
 i - a potion of magic {unknown}

Dungeon Overview and Level Annotations

Branches:
Dungeon (1/15)

Altars:


Message History

You shoot a sling bullet.
The sling bullet barely misses the kobold. x2
The sling bullet hits the plant.
The plant is lightly damaged.
A nearby plant withers and dies. x2
The kobold hits something but does no damage.
The kobold barely misses you.
The kobold hits you with a +0 short sword. x2
You shoot a sling bullet. The sling bullet hits the kobold.
You kill the kobold!
A frilled lizard comes into view.
The kobold closely misses you.
You shoot a sling bullet. The frilled lizard hisses angrily.
The sling bullet hits the kobold but does no damage.
The kobold hits you with a +2 short sword of protection.
The kobold hits you with a +0 dagger. The kobold hits you but does no damage.
You shoot a sling bullet. The sling bullet hits the kobold.
You kill the kobold!
The kobold closely misses you. The kobold barely misses you.
You shoot a sling bullet. The sling bullet hits the kobold.
You kill the kobold!
The kobold closely misses you. You furiously retaliate!
You headbutt the kobold. The kobold hits you with a +0 dagger.
You have reached level 3!
Your experience leads to an increase in your attributes!
Increase (S)trength, (I)ntelligence, or (D)exterity?
You feel agile. x2
You shoot a sling bullet. The sling bullet misses the kobold.
The frilled lizard closely misses you. The kobold hits you with a +0 dagger.
You shoot a sling bullet.
The sling bullet closely misses the kobold.
The frilled lizard bites you. The kobold hits you but does no damage.
You shoot a sling bullet. The sling bullet misses the kobold.
The frilled lizard misses you. The kobold misses you.
You shoot a sling bullet.
The sling bullet hits the kobold but does no damage.
The kobold is moderately wounded.
The frilled lizard misses you. The kobold hits you with a +0 dagger.
You die...

######### #..#.##.####
##############+##.#
#...............#.####
#...............#.....
#...........:...#####.
#......>........# #_
#...............### #.
#$..K.............# #.
#...)@..........#.# ##
#...l)..........#.####
###.#####.......#.....
... #.......######


PP... ######### 7#... ..¤K 7...¤ #...K You could see a kobold and a frilled
lizard.

Vanquished Creatures
  A dart slug (D:1)
  3 ball pythons (D:1)
  3 endoplasms (D:1)
  A giant cockroach (D:1)
  A goblin (D:1)
  A hobgoblin (D:1)
  6 kobolds (D:1)
  2 quokkas (D:1)
  A bat (D:1)
  5 rats (D:1)
24 creatures vanquished.

Notes
Turn   | Place    | Note
-------+----------+-------------------------------------------
     0 | D:1      | qw the Minotaur Hexslinger began the quest for the Orb.
     0 | D:1      | Reached XP level 1. HP: 16/16 MP: 1/1
     0 | D:1      | 0 ||| qw: Version: 0.3-a-40-ge99b1a8
     0 | D:1      | 0 ||| qw: Game counter: 332
     0 | D:1      | 0 ||| qw: Melee chars always use a shield: true
     0 | D:1      | 0 ||| qw: God list: Okawaru
     0 | D:1      | 0 ||| qw: Allow faded altars: false
     0 | D:1      | 0 ||| qw: Do Orc after clearing Dungeon:15 true
     0 | D:1      | 0 ||| qw: Do second Lair branch before Depths: true
     0 | D:1      | 0 ||| qw: Lair rune preference: random
     0 | D:1      | 0 ||| qw: Goals: Normal
     0 | D:1      | 0 ||| PLANNING D:1-11
   181 | D:1      | Reached skill level 3 in Ranged Weapons
   191 | D:1      | Reached XP level 2. HP: 23/23 MP: 2/2
   403 | D:1      | Found a faded altar of an unknown god.
   449 | D:1      | 449 ||| Stepping ~*~*~tactically~*~*~ (outnumbered).
   458 | D:1      | HP: 5/24 [kobold/+2 short sword of protection (3)]
   461 | D:1      | Reached XP level 3. HP: 3/29 MP: 3/3
   461 | D:1      | HP: 2/29 [kobold/+0 dagger (1)]
   464 | D:1      | Slain by a kobold

Levels and vault maps discovered:
D:1:      saegor_arrival_simple_c, layout_basic, basic_ecumenical_altar,
          lexackson_kobold_supper

Skill      XL: |  1  2 |
---------------+-------+-----
Ranged Weapons | 3 |  3.5
Fighting       | 2 |  2.0
Dodging        | |  2.1
Spellcasting   | |  1.0
Hexes          | |  2.0

Action                     || total
---------------------------++-------
   Fire: Sling             ||    63
 Armour: Robe              ||     6
  Dodge: Dodged            ||    15

Table legend:
 A = Non-vault XP
 B = Vault XP
 C = Vault XP percentage of total XP
 D = Non-vault monster count
 E = Vault monster count
 F = Vault count percentage of total count
                 A         B        C        D         E       F
            +---------+---------+-------+---------+---------+-------
      Total |      36 |       6 |  14.3 |      21 |       3 |  12.5
            +---------+---------+-------+---------+---------+-------
        D:1 |      36 |       6 |  14.3 |      21 |       3 |  12.5
            +---------+---------+-------+---------+---------+-------
